 Dungeon Crawl Stone Soup version 0.27-a0-67-g4bfc8a49e1 (webtiles) character file.

Game seed: 10339848381342982123

84 Borgoz the Ruffian (level 4, -3/37 HPs)
             Began as a Ghoul Gladiator on Jan 9, 2021.
             Slain by a sky beast (5 damage)
             ... on level 3 of the Dungeon.
             The game lasted 00:01:54 (2120 turns).

Borgoz the Ruffian (Ghoul Gladiator)                Turns: 2120, Time: 00:01:55

Health: -3/37      AC:  5    Str: 17    XL:     4   Next: 46%
Magic:  3/3        EV: 13    Int:  3    God:
Gold:   111        SH:  0    Dex: 11    Spells: 3/3 levels left

rFire    . . .     SeeInvis .     - Unarmed
rCold    + . .     Faith    .   (no shield)
rNeg     + + +     Spirit   .   a - +0 leather armour
rPois    ∞         Reflect  .   b - +0 helmet
rElec    .         Harm     .   (no cloak)
rCorr    .         Rampage  .   (no gloves)
Will     .....                  h - +0 pair of boots
Stlth    +.........             (no amulet)
HPRegen  0.00/turn              (no ring)
MPRegen  0.08/turn              (no ring)

@: no status effects
A: claws 1, cold resistance 1, negative energy resistance 3, inhibited
regeneration, torment resistance, unbreathing
a: no special abilities


You were on level 3 of the Dungeon.
You visited 1 branch of the dungeon, and saw 3 of its levels.

You collected 111 gold pieces.

Inventory:

Missiles
 c - 5 throwing nets (quivered)
Armour
 a - a +0 leather armour (worn)
 b - a +0 helmet (worn)
 h - a +0 pair of boots (worn)
Scrolls
 d - a scroll of random uselessness {unknown}
 e - 2 scrolls of identify {unknown}
 f - 2 scrolls of remove curse {unknown}
 i - 3 scrolls of magic mapping {unknown}
 k - a scroll of teleportation {unknown}
 l - 2 scrolls of fear {unknown}
 n - a scroll of enchant weapon {unknown}
 o - a scroll of blinking {unknown}
Potions
 g - 2 potions of ambrosia {unknown}
 j - 2 potions of lignification {unknown}
 m - 2 potions of curing {unknown}


   Skills:
 + Level 2.8 Fighting
 - Level 1.7 Throwing
 * Level 1.9 Armour
 * Level 3.4 Dodging
 + Level 3.7 Unarmed Combat


You had 3 spell levels left.
You didn't know any spells.
Your spell library was empty.

Dungeon Overview and Level Annotations

Branches:
Dungeon (3/15)

Altars:


Innate Abilities, Weirdness & Mutations

You thrive by killing the living.
You are immune to poison.
You have sharp fingernails.
Your flesh is cold resistant. (rC+)
You are immune to negative energy. (rN+++)
You do not regenerate when monsters are visible.
You are immune to unholy pain and torment.
You can survive without breathing.


Message History

The sky beast barely misses you.
You barely miss the sky beast.
The sky beast is moderately wounded.
The sky beast flickers out of sight!
Deactivating autopickup; reactivate with Ctrl-A.
Something hits you. Something shocks you.
No target in view!
You closely miss something. Something hits you but does no damage.
You barely miss something. Something barely misses you.
You miss something. Something hits you. Something shocks you.
* * * LOW HITPOINT WARNING * * *
You miss something. Something hits you but does no damage.
You miss something. Something hits you.
* * * LOW HITPOINT WARNING * * *
Something shocks you.
* * * LOW HITPOINT WARNING * * *
You barely miss something. Something hits you.
* * * LOW HITPOINT WARNING * * *
Something shocks you.
You die...

####........#####.........#.
#.....###.............#._
#.....# #..............#.
#.....# #.......).......#
#.....###................
.......#................).
.......#..................
.......#..................
#.@..(.............
#.{.......##.......
#........##########
#........# # #........# #
#........# # ########## # #


There were no monsters in sight!

Vanquished Creatures
  3 adders
  2 worms (D:2)
  A dart slug (D:2)
  4 leopard geckos
  3 orcs (D:3)
  A giant cockroach (D:3)
  6 goblins
  4 hobgoblins
  7 bats
  3 frilled lizards
  7 kobolds
  5 rats
46 creatures vanquished.

Notes
Turn   | Place    | Note
-------+----------+-------------------------------------------
     0 | D:1      | Borgoz the Ghoul Gladiator began the quest for the Orb.
     0 | D:1      | Reached XP level 1. HP: 17/17 MP: 0/0
   150 | D:1      | Reached XP level 2. HP: 25/25 MP: 1/1
   460 | D:1      | Reached skill level 1 in Armour
   774 | D:2      | Reached XP level 3. HP: 30/30 MP: 2/2
  1238 | D:2      | Reached XP level 4. HP: 37/37 MP: 3/3
  1837 | D:3      | Found a faded altar of an unknown god.
  2106 | D:3      | Noticed a sky beast
  2120 | D:3      | Slain by a sky beast

Illustrated notes

Levels and vault maps discovered:
D:1:      ebering_hopf_link, layout_rooms, roderic_lattice_a
D:2:      layout_basic
D:3:      layout_basic, nicolae_qazlal_eye_of_the_storm,
          chequers_ecumenical_altar_simple_redux, due_unseen_surprise

Skill      XL: |  1  2 |
---------------+-------+-----
Armour         | 1 |  1.9
Dodging        | 3 |  3.4
Fighting       | |  2.8
Throwing       | |  1.7
Unarmed Combat | |  3.7

Action                   |  1- 3 |  4- 6 || total
-------------------------+-------+-------++-------
Melee: Unarmed           |    90 |    49 ||   139
       Punch             |     1 |     3 ||     4
Armor: Leather armour    |    19 |    22 ||    41
Dodge: Dodged            |    46 |    33 ||    79

Table legend: (Time is in decaauts)
 A = Elapsed time spent in this place.
 B = Non-inter-level travel time spent in this place.
 C = Inter-level travel time spent in this place.
 D = Time resting spent in this place.
 E = Time spent auto-exploring this place.
 F = Levels seen in this place.
 G = Mean time per level.
                   A        B        C        D        E       F      G
               +--------+--------+--------+--------+--------+-----+--------+
         Total |   2110 |   2060 |     50 |    343 |   1428 |   3 |  703.3 |
       Dungeon |   2110 |   2060 |     50 |    343 |   1428 |   3 |  703.3 |
               +--------+--------+--------+--------+--------+-----+--------+

Top non-repeatable levels by time:
     D:2: 1084 daAuts
     D:1: 668 daAuts
     D:3: 358 daAuts
